 Dungeon Crawl Stone Soup version 0.22.1-2-g9c5b331 (webtiles) character file.

109 Folque the Digger (level 4, -2/33 HPs)
             Began as a Draconian Earth Elementalist on Nov 16, 2018.
             Slain by a hippogriff (4 damage)
             ... on level 3 of the Dungeon.
             The game lasted 00:07:53 (2220 turns).

Folque the Digger (Draconian Earth Elementalist)    Turns: 2220, Time: 00:07:53

Health: -2/33      AC:  5    Str: 11    XL:     4   Next: 59%
Magic:  0/8        EV: 12    Int: 16    God:
Gold:   122        SH:  0    Dex: 11    Spells: 3/9 levels left

rFire    . . .     SeeInvis .   l - +3 whip (flame)
rCold    . . .     Gourm    .   (no shield)
rNeg     . . .     Faith    .   (armour unavailable)
rPois    .         Spirit   .   (helmet restricted)
rElec    .         Reflect  .   (no cloak)
rCorr    .         Harm     .   (no gloves)
MR       .....                  (no boots)
Stlth    ++........             (no amulet)
HPRegen  0.11/turn              (no ring)
MPRegen  0.11/turn              (no ring)

@: about to teleport
A: unfitting armour, cold-blooded, AC +5
a: no special abilities


You were on level 3 of the Dungeon.
You were not hungry.

You visited 1 branch of the dungeon, and saw 3 of its levels.

You collected 122 gold pieces.

Inventory:

Hand Weapons
 f - a +0 hand axe
 k - a cursed -3 whip
 l - a +3 whip of flaming (weapon)
Missiles
 a - 5 tomahawks (quivered)
 b - 75 stones
 o - 17 poisoned needles
Scrolls
 n - 2 scrolls of identify
Potions
 d - a potion of brilliance {unknown}
 e - a potion of berserk rage {unknown}
 g - a potion of might {unknown}
 h - a potion of degeneration {unknown}
 m - 2 potions of curing {unknown}
Comestibles
 c - 5 rations


   Skills:
 - Level 1.7 Dodging
 - Level 1.7 Stealth
 * Level 3.0 Spellcasting
 - Level 2.0 Conjurations
 - Level 1.0 Transmutations
 + Level 4.1 Earth Magic


You had 3 spell levels left.
You knew the following spells:

 Your Spells              Type           Power        Failure   Level  Hunger
a - Sandblast             Erth           ###...       3%          1    #......
b - Passwall              Tmut/Erth      ##......     10%         2    ##.....
c - Stone Arrow           Conj/Erth      ##....       16%         3    ###....

Your spell library contained the following spells:

 Spells                   Type           Power        Failure   Level  Hunger
 Petrify                  Tmut/Erth      ##......     54%         4    #####..
 Lee's Rapid Deconstruct  Erth           ###.......   67%         5    ######.


Dungeon Overview and Level Annotations

Branches:
Dungeon (3/15)

Altars:
Makhleb


Innate Abilities, Weirdness & Mutations

Your plain brown scales are hard. (AC +5)
You cannot fit into any form of body armour.
You are cold-blooded and may be slowed by cold attacks.


Message History

Press: ? - help, Shift-Dir - straight line, f/p - hippogriff
Aim: a hippogriff (lightly wounded)
The blast of sand hits the hippogriff.
The hippogriff is moderately wounded.
b - 75 stones The hippogriff bites you.
The hippogriff misses you.
The hippogriff claws you but does no damage.
You hit the hippogriff but do no damage.
The hippogriff is moderately wounded.
The hippogriff bites you. The hippogriff closely misses you. x2
You aren't carrying any items that you can evoke.
As you read the scroll labeled YNEANUICZY, it crumbles to dust.
You feel strangely unstable.
It was a scroll of teleportation.
The hippogriff bites you. The hippogriff pecks you. The hippogriff claws you!
* * * LOW HITPOINT WARNING * * *
As you read the scroll labeled DITYR MACIFUS, it crumbles to dust.
It is a scroll of enchant weapon.
Your +2 whip of flaming glows red for a moment.
The hippogriff bites you.
You die...

....... S......
....... .......
....... ####.......
#S.)g......
############H##.......
#.........##@# .......
#.........##.# .......
#............# #######
#.........####
#.........####
########'#........
.........#<.......
....>..............
........####.####..


You could see a hippogriff and an adder.

Vanquished Creatures
  Robin (D:2)
  A gnoll (D:1)
  3 adders
  An ooze (D:2)
  A dart slug (D:1)
  4 leopard geckos
  3 bats
  3 giant cockroaches
  7 goblins
  8 hobgoblins
  3 jackals (D:1)
  4 kobolds
  A ball python (D:2)
  5 frilled lizards
  8 rats
53 creatures vanquished.

Notes
Turn   | Place    | Note
-------+----------+-------------------------------------------
     0 | D:1      | Folque the Draconian Earth Elementalist began the quest for
                  | the Orb.
     0 | D:1      | Reached XP level 1. HP: 14/14 MP: 3/3
   904 | D:1      | Reached XP level 2. HP: 18/20 MP: 5/5
   918 | D:1      | Learned a level 2 spell: Passwall
  1198 | D:1      | Reached XP level 3. HP: 15/26 MP: 6/6
  1207 | D:1      | Learned a level 3 spell: Stone Arrow
  1428 | D:1      | Reached skill level 4 in Earth Magic
  1611 | D:2      | Reached skill level 1 in Conjurations
  1684 | D:2      | Reached XP level 4. HP: 30/33 MP: 8/8
  1755 | D:2      | Noticed Robin
  1759 | D:2      | Killed Robin
  2169 | D:3      | Found a burning altar of Makhleb.
  2201 | D:3      | Noticed a hippogriff
  2220 | D:3      | Slain by a hippogriff

Skill      XL: |  1  2  3  4 |
---------------+-------------+-----
Earth Magic    | 4 |  4.1
Conjurations   | 1 2 |  2.0
Spellcasting   | 3 |  3.0
Dodging        | |  1.7
Stealth        | |  1.7
Transmutations | |  1.0

Action                   |  1- 3 |  4- 6 || total
-------------------------+-------+-------++-------
Melee: Unarmed           |    59 |       ||    59
       Hand axe          |   122 |       ||   122
       Tailslap          |    13 |     5 ||    18
       Whip              |    14 |    49 ||    63
Throw: Stone             |     1 |       ||     1
       Tomahawk          |     1 |       ||     1
 Cast: Sandblast         |     5 |     3 ||     8
       Stone Arrow       |     1 |     3 ||     4
  Use: Scroll            |     2 |     2 ||     4
 Stab: Sleeping          |     2 |       ||     2
  Eat: Chunk             |     3 |     2 ||     5
Armor: Skin              |    76 |    16 ||    92
Dodge: Dodged            |   150 |    31 ||   181
